 Dungeon Crawl Stone Soup version 0.18-a0-1078-gebb93d0 (webtiles) character file.

127 ater218 the Caller (level 4, 0/24 HPs)
             Began as a Deep Elf Summoner on Jan 14, 2016.
             Was an Initiate of Sif Muna.
             Killed by divine providence
             ... invoked by an orc priest
              (12 damage)
             ... on level 4 of the Dungeon.
             The game lasted 00:23:29 (4564 turns).

ater218 the Caller (Deep Elf Summoner)              Turns: 4564, Time: 00:23:29

Health: 0/24       AC:  4    Str:  5    XL:     4   Next: 85%
Magic:  11/13      EV: 13    Int: 21    God:    Sif Muna [......]
Gold:   107        SH:  0    Dex: 15    Spells: 3 memorised, 7 levels left

rFire  + . .     SeeInvis .     (no weapon)
rCold  x . .     Gourm    .     a - +0 robe
rNeg   . . .     Faith    .     (no shield)
rPois  .         Spirit   .     (no helmet)
rElec  .         Dismiss  .     j - +0 cloak
rCorr  .         Reflect  .     (no gloves)
SustAt .         Harm     .     i - +0 pair of boots
MR     .....                    (no amulet)
Stlth  ++........               (no ring)
                                d - ring of fire

@: not resistant to hostile enchantments, unstealthy
A: no striking features
a: Renounce Religion


You were on level 4 of the Dungeon.
You worshipped Sif Muna.
Sif Muna was noncommittal.
You were very hungry.

You visited 1 branch of the dungeon, and saw 4 of its levels.

You collected 107 gold pieces.

Inventory:

Armour
 a - a +0 robe (worn)
 i - a +0 pair of boots (worn)
 j - a +0 cloak (worn)
Jewellery
 c - a cursed ring of teleportation {unknown}
 d - a ring of fire (left hand)
 l - a +3 ring of strength
Wands
 e - a wand of flame (34/48)
 q - a wand of slowing (13/48)
Scrolls
 g - 2 scrolls of identify
 n - a scroll of remove curse
 r - a scroll of fog {unknown}
Potions
 f - 2 potions of haste
 k - 2 potions of brilliance {unknown}
Books
 b - a book of Callings

   Spells                             Type                      Level
   a - Summon Small Mammal            Summoning                    1
   b - Call Imp                       Summoning                    2
   c - Call Canine Familiar           Summoning                    3
   d - Summon Guardian Golem          Hexes/Summoning              3
   e - Summon Lightning Spire         Summoning/Air                4
   f - Summon Ice Beast               Ice/Summoning                4
Comestibles
 h - a slice of pizza
 m - a beef jerky
 o - 2 bread rations
 p - 4 fruits


   Skills:
 + Level 2.7 Dodging
 - Level 2.5 Stealth
 + Level 5.0 Spellcasting
 + Level 5.7 Summonings


You had 7 spell levels left.
You knew the following spells:

 Your Spells              Type           Power        Failure   Level  Hunger
a - Summon Small Mammal   Summ           ####         1%          1    None
b - Call Imp              Summ           ####....     1%          2    None
c - Call Canine Familiar  Summ           ####....     2%          3    ##.....


Dungeon Overview and Level Annotations

Branches:
Dungeon (4/15)
 Temple: D:4-7

Altars:
Elyvilon
Sif Muna
Xom
Yredelemnul


Message History

w - Wait here. f - Follow me.
Anything else - Stay silent.
Gang up on whom?
Press: ? - help, Dir - move target cursor, f - orc
Aim: an orc, wearing a scale mail Attack!
The orc priest shouts!
The orc warrior shouts!
The orc priest miscasts a cantrip.
Your crimson imp blinks!
The orc priest miscasts a cantrip.
The orc priest calls down the wrath of Beogh upon you.
Something smites you!
Ouch! That really hurt!
Your crimson imp blinks!
Your crimson imp hits the plant but does no damage.
Your crimson imp hits the plant.
The orc priest calls down the wrath of Beogh upon you.
Something smites you!
Ouch! That really hurt!
You die...

≈P≈≈≈≈≈ #.
≈≈≈≈≈≈≈ #.
≈≈≈≈≈≈≈ #.
....... #.
≈P≈≈≈≈≈ #5
5o≈≈≈P≈
#.##Po≈≈≈≈≈
#...#♣♣ ≈≈≈≈P
#.@5..♣ ≈≈P#
#...### ≈≈..
###..#####♣♣♣
♣..#
#......5....♣
#..#
###..########
#..# #..#
#..# #..#
#.<# #..#
#... #..#
#.##


You could see 2 orc priests, 2 friendly crimson imps and a friendly white imp.

Vanquished Creatures (collateral kills)
  2 orc wizards (D:3)
  7 adders
  3 gnolls (D:2)
  2 worms
  2 giant geckos
  2 orcs (D:3)
  5 ball pythons
  6 bats
  2 giant cockroaches
  9 goblins
  8 hobgoblins
  2 jackals (D:1)
  6 giant newts
  10 kobolds
  8 rats
74 creatures vanquished.

Notes
Turn   | Place    | Note
--------------------------------------------------------------
     0 | D:1      | ater218 the Deep Elf Summoner began the quest for the Orb.
     0 | D:1      | Reached XP level 1. HP: 10/10 MP: 6/6
   404 | D:1      | Reached XP level 2. HP: 10/15 MP: 8/8
   972 | D:1      | Reached skill level 5 in Summonings
  1957 | D:2      | Reached XP level 3. HP: 3/19 MP: 7/10
  2218 | D:2      | Learned a level 2 spell: Call Imp
  2222 | D:2      | Learned a level 3 spell: Call Canine Familiar
  2513 | D:2      | Found a basalt altar of Yredelemnul.
  3389 | D:2      | Reached XP level 4. HP: 24/24 MP: 4/12
  3862 | D:3      | Found a white marble altar of Elyvilon.
  3863 | D:3      | Found a shimmering altar of Xom.
  4243 | D:3      | Found a deep blue altar of Sif Muna.
  4248 | D:3      | Became a worshipper of Sif Muna the Loreminder
  4267 | D:3      | Reached skill level 5 in Spellcasting
  4556 | D:4      | Noticed an orc warrior
  4564 | D:4      | Killed from afar by an orc priest

Vault maps used:
D:1:      evilmike_arrival_run_for_it
D:2:      marbit_many_paths, minmay_misc_feat_cross
D:3:      led_sif_book, gammafunk_temple_overflow_pools, minmay_crystal_water
D:4:      lemuel_doored_altar, temple_fountains, serial_bayou,
          serial_bayou_pond_c, serial_bayou_lagoon_a, serial_bayou_pond_d,
          serial_bayou_lagoon_b, first_bread, kennysheep_decorative_pillar,
          minmay_misc_feat_five, trog_wizard

Action                   |  1- 3 |  4- 6 || total
-------------------------+-------+-------++-------
Melee: Unarmed           |       |     1 ||     1
 Cast: Summon Small Mamm |    85 |     1 ||    86
       Call Imp          |    18 |    14 ||    32
       Call Canine Famil |     5 |     1 ||     6
  Use: Scroll            |     6 |       ||     6
       Potion            |     2 |       ||     2
  Eat: Chunk             |     3 |     1 ||     4
       Bread ration      |     1 |       ||     1
       Royal jelly       |       |     1 ||     1
